 Dungeon Crawl Stone Soup version 0.31-a0-182-gc5ef74bbde (webtiles) character file.

Game seed: 10174667479475248178

15 2FriedEggs the Charlatan (level 2, -2/18 HPs)
             Began as an Octopode Artificer on June 20, 2023.
             Slain by a hobgoblin (4 damage)
             ... on level 2 of the Dungeon.
             The game lasted 00:00:51 (582 turns).

2FriedEggs the Charlatan (Octopode Artificer)        Turns: 582, Time: 00:00:52

Health: -2/18      AC:  1    Str: 11    XL:     2   Next: 50%
Magic:  2/2        EV: 13    Int: 13    God:
Gold:   79         SH:  0    Dex: 12    Spells: 1/1 levels left

rFire   . . .        a - +0 club
rCold   . . .        (no shield)
rNeg    . . .        (helmet restricted)
rPois   .            (no amulet)
rElec   .            (no ring)
rCorr   .            (no ring)
SInv    .            (no ring)
Will    .....        (no ring)
Stlth   +++          (no ring)
HPRegen 0.23/turn    (no ring)
MPRegen 0.08/turn    (no ring)
                     (no ring)

%: no passive effects
@: no status effects
A: almost no armour, amphibious, 8 rings, camouflage 1, gelatinous body 1,
(nimble swimmer 1), tentacles
a: no special abilities


You were on level 2 of the Dungeon.
You visited 1 branch of the dungeon, and saw 2 of its levels.

You collected 79 gold pieces.

Inventory:

Hand Weapons
 a - a +0 club (weapon)
Wands
 b - a wand of flame (15) (quivered)
 c - a wand of charming (15)
 d - a wand of iceblast (5)
Scrolls
 e - a scroll of immolation {unknown}
Potions
 f - a potion of lignification {unknown}


   Skills:
 - Level 1.0 Fighting
 - Level 2.3 Dodging
 - Level 1.3 Stealth
 + Level 4.2 Evocations


You had one spell level left.
You didn't know any spells.
Your spell library contained the following spells:

 Spells                   Type           Power      Damage    Failure   Level
 Static Discharge         Conj/Air       0%         2-2/arc   43%         2
 Airstrike                Air            0%         2d(0-16)  97%         4
 Summon Lightning Spire   Summ/Air       0%         N/A       97%         4


Dungeon Overview and Level Annotations

Branches:
Dungeon (2/15)

Altars:


Innate Abilities, Weirdness & Mutations

You cannot wear most types of armour.
You are amphibious.
You can wear up to eight rings at the same time.
Your skin changes colour to match your surroundings (Stealth+).
Your rubbery body absorbs attacks. (AC +1, EV +1)
((You are camouflaged when in or above water. (Stealth+)))
You have tentacles for arms and can constrict up to eight enemies at once.


Message History

You kill the hobgoblin!
No target in view!
No target in view!
f - a bubbling grey potion You see here a hobgoblin corpse.
Found a stone staircase leading down.
Done exploring.
Done exploring.
No target in view!
Done exploring.
Done exploring.
There is a stone staircase leading down here.
You climb downwards.
Found a scroll labelled HIYMYNT MACKO and a pink potion.
Found an escape hatch in the floor.
There is a stone staircase leading up here.
The hobgoblin shouts!
The kobold shouts!
You hit the worm but do no damage. Your grab misses the worm.
The worm barely misses you.
You hit the worm but do no damage. Your grab misses the worm.
You closely miss the hobgoblin. Your grab misses the hobgoblin.
You squeeze the hobgoblin.
The hobgoblin is moderately wounded.
The hobgoblin hits you.
A hobgoblin comes into view.
An endoplasm comes into view.
The worm bites you.
You closely miss the hobgoblin.
The hobgoblin shouts!
Your grab misses the hobgoblin. Your squeeze misses the hobgoblin.
The hobgoblin is moderately wounded.
The hobgoblin hits you. The worm barely misses you.
The hobgoblin hits you but does no damage.
The kobold hits you with a +0 short sword.
* * * LOW HITPOINT WARNING * * *
The kobold hits you with a +0 short sword.
* * * LOW HITPOINT WARNING * * *
The hobgoblin completely misses you. The hobgoblin attacks as you move away!
The hobgoblin hits you.
You die...

##..#####.##
##.....#.....
##............
#.....!.......
#.............
#.............
#.............
#.....<.......
#....>@.......
##.?.gwK......
##....g#.....
####....###.
####..# #.#
... ###


You could see a worm, 2 hobgoblins and a kobold.

Vanquished Creatures
  An endoplasm (D:1)
  A giant cockroach (D:1)
  2 hobgoblins (D:1)
  2 bats (D:1)
  A frilled lizard (D:1)
  4 goblins (D:1)
  3 kobolds (D:1)
14 creatures vanquished.

Notes
Turn   | Place    | Note
-------+----------+-------------------------------------------
     0 | D:1      | 2FriedEggs the Octopode Artificer began the quest for the
                  | Orb.
     0 | D:1      | Reached XP level 1. HP: 13/13 MP: 1/1
     2 | D:1      | Noticed a draconian
     2 | D:1      | Noticed an elf
     4 | D:1      | Noticed a minotaur
     4 | D:1      | Noticed a meteoran
     6 | D:1      | Noticed a formicid
     8 | D:1      | Noticed a tengu
     8 | D:1      | Noticed a demonspawn
    10 | D:1      | Noticed a vine stalker
    10 | D:1      | Noticed a felid
    13 | D:1      | Noticed an armataur
    13 | D:1      | Noticed a troll
    15 | D:1      | Noticed an ogre
    17 | D:1      | Noticed a gargoyle
    17 | D:1      | Noticed a demigod
    19 | D:1      | Noticed a vampire
    19 | D:1      | Noticed a merfolk
    21 | D:1      | Noticed a spriggan
    21 | D:1      | Noticed a ghoul
    23 | D:1      | Noticed a human
    23 | D:1      | Noticed an octopode
    25 | D:1      | Noticed a naga
    25 | D:1      | Noticed a tengu
    27 | D:1      | Noticed a vampire
    27 | D:1      | Noticed a meteoran
   241 | D:1      | Reached XP level 2. HP: 18/18 MP: 2/2
   244 | D:1      | Reached skill level 4 in Evocations
   582 | D:2      | Slain by a hobgoblin

Illustrated notes

Levels and vault maps discovered:
D:1:      kb_arrival_jail, layout_rooms, hex_medium
D:2:      layout_rooms, basic_altar

Skill      XL: |  1  2 |
---------------+-------+-----
Evocations     | 4 |  4.2
Fighting       | |  1.0
Dodging        | |  2.3
Stealth        | |  1.3

Action                     || total
---------------------------++-------
  Melee: Club              ||    34
         Constrict         ||    11
         Tentacles         ||     9
   Stab: Sleeping          ||     3
 Armour: Skin              ||     3
  Dodge: Dodged            ||    22

Table legend: (Time is in decaauts)
 A = Elapsed time spent in this place.
 B = Non-inter-level travel time spent in this place.
 C = Inter-level travel time spent in this place.
 D = Time resting spent in this place.
 E = Time spent auto-exploring this place.
 F = Levels seen in this place.
 G = Mean time per level.
                   A        B        C        D        E       F      G
               +--------+--------+--------+--------+--------+-----+--------+
         Total |    592 |    566 |     26 |      0 |    444 |   2 |  296.0 |
       Dungeon |    592 |    566 |     26 |      0 |    444 |   2 |  296.0 |
               +--------+--------+--------+--------+--------+-----+--------+

Top non-repeatable levels by time:
     D:1: 583 daAuts
     D:2: 9 daAuts
